 Dungeon Crawl Stone Soup version 0.24-b1 (webtiles) character file.

Game seed: 812912185101372293, levelgen mode: deterministic

504283 Chiseanne the Devastator (level 24, -2/189 HPs)
             Began as a Demonspawn Wizard on Oct 11, 2019.
             Was the Champion of Vehumet.
             Killed by divine providence
             ... invoked by a smoke demon
              (14 damage)
             ... on level 12 of a ziggurat on Oct 12, 2019.
             The game lasted 05:17:35 (62173 turns).

Chiseanne the Devastator (Demonspawn Wizard)       Turns: 62173, Time: 05:17:36

Health: -2/189     AC: 31    Str:  8    XL:     24   Next: 11%
Magic:  7/44       EV: 18    Int: 43    God:    Vehumet [******]
Gold:   3504       SH:  5    Dex: 12    Spells: 2/58 levels left

rFire    + . .     SeeInvis .   a - staff of wizardry
rCold    + + +     Gourm    .   H - +0 buckler "Deiheclob" {rElec rC+ Int+2 Dex-3}
rNeg     . . .     Faith    .   P - +4 troll leather armour
rPois    +         Spirit   .   e - +2 helmet {Int+3}
rElec    +         Reflect  .   m - +2 cloak {+Inv}
rCorr    +         Harm     .   G - +2 pair of gloves {archery}
MR       +....                  (boots unavailable)
Stlth    +.........             L - amulet of magic regeneration
HPRegen  1.81/turn              k - +5 ring of intelligence
MPRegen  0.54/turn              q - +5 ring of intelligence

@: resistant, frozen, contaminated, hasted, glowing, invisible (but backlit and
visible) (expiring), quick
A: talons 3, icy blue scales 3, cold resistance 1, icemail, powered by death 3,
robust 1, freezing cloud immunity
}: 2/15 runes: decaying, gossamer
a: Renounce Religion


You were on level 12 of a ziggurat.
You worshipped Vehumet.
Vehumet was exalted by your worship.
You were not hungry.

You visited 9 branches of the dungeon, and saw 40 of its levels.
You visited the Abyss 2 times.
You visited 1 ziggurat, and saw 12 of its levels.
You also visited: Desolation.

You collected 9037 gold pieces.
You spent 5533 gold pieces at shops.

Inventory:

Hand Weapons
 r - the +8 war axe "Qoted" {chop, rF- Str+3 Int+6 Dex+4}
   (You found it on level 4 of the Vaults)

   It inflicts extra damage upon your enemies.
   It affects your strength (+3).
   It affects your intelligence (+6).
   It affects your dexterity (+4).
   It makes you vulnerable to fire.
 s - the +9 spear of Integrity {drain, rElec MR- Int+4 Stlth+}
   (You took it off a spriggan rider on level 5 of the Lair of Beasts)

   A truly terrible weapon, it drains the life of those it strikes.
   It affects your intelligence (+4).
   It insulates you from electricity.
   It affects your resistance to hostile enchantments.
   It makes you more stealthy.
Missiles
 D - 5 throwing nets (quivered) {!*}
Armour
 e - a +2 helmet of intelligence (worn)
 m - a +2 cloak of invisibility (worn)
 G - a +2 pair of gloves of archery (worn)
 H - the +0 buckler "Deiheclob" (worn) {rElec rC+ Int+2 Dex-3}
   (You found it on level 9 of the Dungeon)

   It affects your intelligence (+2).
   It affects your dexterity (-3).
   It protects you from cold.
   It insulates you from electricity.
 P - a +4 troll leather armour (worn)
Magical Staves
 a - an uncursed staff of wizardry (weapon)
 w - an uncursed staff of power
Jewellery
 k - a +5 ring of intelligence (left hand)
 l - an uncursed ring of positive energy
 q - a +5 ring of intelligence (right hand)
 E - the ring of Xom's Entertainment {+Fly rPois rC+ SInv}
   (You found it on level 8 of a ziggurat)

   [ring of see invisible]

   It protects you from cold.
   It protects you from poison.
   It lets you see invisible.
   It lets you fly.
 L - an amulet of magic regeneration (around neck)
 R - a ring of the Octopus King {AC+1 EV+1 Str+1 Int+1 Dex+1 SInv}
   (You found it on level 1 of the Lair of Beasts)

   [ring of see invisible]

   It affects your AC (+1).
   It affects your evasion (+1).
   It affects your strength (+1).
   It affects your intelligence (+1).
   It affects your dexterity (+1).
   It lets you see invisible.
Wands
 n - a wand of paralysis (26)
 J - a wand of digging (7)
 U - a wand of disintegration (13)
 V - a wand of iceblast (11)
Scrolls
 c - 3 scrolls of fog
 d - 3 scrolls of fear
 f - a scroll of summoning
 g - 4 scrolls of immolation
 o - 24 scrolls of remove curse
 v - 6 scrolls of magic mapping
 y - 6 scrolls of identify
 z - 17 scrolls of teleportation
Potions
 h - 8 potions of cancellation
 j - 6 potions of resistance
 p - 11 potions of curing
 A - 2 potions of flight
 C - 6 potions of ambrosia
 F - 3 potions of mutation
 I - a potion of agility
 K - 3 potions of brilliance
 N - 4 potions of haste
 T - 3 potions of invisibility
Miscellaneous
 b - 6 boxes of beasts
 i - a lightning rod (4/4)
 x - a phial of floods
 B - 2 sacks of spiders
 M - a fan of gales (inert)
 Y - a lamp of fire
Comestibles
 u - 47 rations


   Skills:
 - Level 10.2 Fighting
 - Level 11.8 Polearms
 - Level 12.8 Dodging
 - Level 1.7 Stealth
 - Level 6.5 Shields
 - Level 17.8 Spellcasting
 * Level 18.4 Conjurations
   Level 1.0 Summonings
 - Level 3.0 Translocations
 * Level 6.4 Fire Magic
 * Level 17.6 Ice Magic
 - Level 7.4 Air Magic
 - Level 8.8 Evocations


You had 2 spell levels left.
You knew the following spells:

 Your Spells              Type           Power        Failure   Level  Hunger
a - Glaciate              Conj/Ice       ########..   7%          9    #####..
b - Blink                 Tloc           N/A          1%          2    None
c - Conjure Flame         Conj/Fire      #######.     0%          3    None
d - Mephitic Cloud        Conj/Pois/Air  #######.     1%          3    None
e - Iskenderun's Mystic   Conj           ########     0%          4    None
f - Freezing Cloud        Conj/Ice/Air   ########..   1%          6    None
g - Force Lance           Conj/Tloc      #######.     1%          4    None
h - Lightning Bolt        Conj/Air       ########..   1%          5    None
i - Magic Dart            Conj           ####         0%          1    None
j - Fireball              Conj/Fire      #######...   1%          5    None
k - Conjure Ball Lightni  Conj/Air       ########..   1%          6    None
l - Ignition              Fire           #######...   38%         8    ###....

Your spell library contained the following spells:

 Spells                   Type           Power        Failure   Level  Hunger
 Chain Lightning          Conj/Air       ########..   3%          8    ###....
 Lehudib's Crystal Spear  Conj/Erth      #######...   14%         8    ###....
 Flame Tongue             Conj/Fire      #####        0%          1    None
 Shock                    Conj/Air       ####         0%          1    None
 Searing Ray              Conj           ######       0%          2    None
 Throw Flame              Conj/Fire      ######       0%          2    None
 Throw Frost              Conj/Ice       ######       0%          2    None
 Apportation              Tloc           ######       1%          1    None
 Beastly Appendage        Tmut           #####.       1%          1    None
 Confusing Touch          Hex            #####.       1%          1    None
 Corona                   Hex            #####..      1%          1    None
 Infusion                 Chrm           ####         1%          1    None
 Summon Butterflies       Summ           #####...     1%          1    None
 Summon Small Mammal      Summ           ####         1%          1    None
 Call Imp                 Summ           #####...     1%          2    None
 Corpse Rot               Necr           N/A          1%          2    None
 Ensorcelled Hibernation  Hex/Ice        ######       1%          2    None
 Passwall                 Tmut/Erth      #####...     1%          2    None
 Shroud of Golubria       Chrm/Tloc      ######       1%          2    None
 Slow                     Hex            #####...     1%          2    None
 Song of Slaying          Chrm           #####...     1%          2    None
 Sticks to Snakes         Tmut           #####...     1%          2    None
 Sublimation of Blood     Necr           #####.....   1%          2    None
 Swiftness                Chrm/Air       ######..     1%          2    None
 Static Discharge         Conj/Air       ########     0%          3    None
 Call Canine Familiar     Summ           #####...     1%          3    None
 Confuse                  Hex            #####...     1%          3    None
 Dazzling Spray           Conj/Hex       ######       1%          3    None
 Gell's Gravitas          Tloc           ######....   1%          3    None
 Ignite Poison            Fire/Tmut/Pois ######..     1%          3    None
 Inner Flame              Hex/Fire       ######..     1%          3    None
 Lesser Beckoning         Tloc           ######....   1%          3    None
 Ozocubu's Armour         Chrm/Ice       #######.     1%          3    None
 Portal Projectile        Hex/Tloc       ######       1%          3    None
 Regeneration             Chrm/Necr      #####.....   1%          3    None
 Spectral Weapon          Hex/Chrm       #####...     1%          3    None
 Spider Form              Tmut/Pois      #####.....   1%          3    None
 Summon Guardian Golem    Hex/Summ       #####...     1%          3    None
 Tukima's Dance           Hex            #####...     1%          3    None
 Airstrike                Air            #######...   1%          4    None
 Fulminant Prism          Conj/Hex       #######...   1%          4    None
 Ice Form                 Ice/Tmut       #######.     1%          4    None
 Olgreb's Toxic Radiance  Pois           #####...     1%          4    None
 Passage of Golubria      Tloc           N/A          1%          4    None
 Sticky Flame             Conj/Fire      #######.     1%          4    None
 Summon Ice Beast         Ice/Summ       #######.     1%          4    None
 Summon Lightning Spire   Summ/Air       ######..     1%          4    None
 Bolt of Draining         Conj/Necr      #######...   1%          5    None
 Bolt of Magma            Conj/Fire/Erth #######...   1%          5    None
 Metabolic Englaciation   Hex/Ice        #######...   1%          5    None
 Bolt of Cold             Conj/Ice       ########..   1%          6    None
 Bolt of Fire             Conj/Fire      #######...   1%          6    None
 Iron Shot                Conj/Erth      #######...   1%          6    None
 Ozocubu's Refrigeration  Ice            ########..   1%          6    None
 Simulacrum               Ice/Necr       #######...   1%          6    None
 Silence                  Hex/Air        ######....   2%          5    None
 Lee's Rapid Deconstruct  Erth           #####.....   3%          5    None
 Yara's Violent Unravell  Hex/Tmut       #####.....   3%          5    None
 Animate Dead             Necr           N/A          4%          4    None
 Cause Fear               Hex            #####.....   4%          4    None
 Leda's Liquefaction      Hex/Erth       #####.....   4%          4    None
 Petrify                  Tmut/Erth      #####...     4%          4    None
 Alistair's Intoxication  Tmut/Pois      #####...     11%         5    None
 Blade Hands              Tmut           #####.....   11%         5    None
 Borgnjor's Vile Clutch   Necr/Erth      #####.....   11%         5    None
 Excruciating Wounds      Chrm/Necr      #####.....   11%         5    None
 Shadow Creatures         Summ           N/A          34%         6    None
 Darkness                 Hex            #####.....   47%         6    None
 Death Channel            Necr           #####.....   47%         6    None
 Invisibility             Hex            #####...     47%         6    None
 Statue Form              Tmut/Erth      #####....    47%         6    None
 Ring of Flames           Chrm/Fire      ######....   61%         7    None
 Dragon Form              Tmut           #####.....   95%         7    None
 Tornado                  Air            #######...   96%         9    #####..
 Dragon's Call            Summ           #####.....   100%        9    #####..
 Shatter                  Erth           #####.....   100%        9    #####..


Dungeon Overview and Level Annotations

Branches:
Dungeon (15/15)            Temple (1/1) D:5            Lair (6/6) D:8
  Swamp (4/4) Lair:4       Spider (4/4) Lair:2        Slime (0/5) Lair:6
    Orc (2/2) D:11            Elf (3/3) Orc:2        Vaults (4/5) D:14
  Crypt (0/3) Vaults:3     Depths (1/5) D:15        Desolation (visited)

Altars:
Ashenzari
Cheibriados
Dithmenos
Elyvilon
Fedhas
Gozag
Hepliaklqana
Kikubaaqudgha
Makhleb
Nemelex Xobeh
Okawaru
Qazlal
Ru
Sif Muna
Trog
Uskayaw
Vehumet
Wu Jian
Xom
Yredelemnul
Zin
The Shining One

Shops:
D:7 (   D:8 (   Orc:2 %([   Elf:2 !:**   Vaults:3 [

Annotations:
D:8 exclusion: door
Lair:1 flestrin's ghost, novice TrMo
Lair:6 , 2 transporters, Fawn's ghost, journeyman GrFE
Swamp:1 2 runed translucent doors, mitkoXXVII's ghost, journeyman GrFi
Elf:2 5 runed translucent doors


Innate Abilities, Weirdness & Mutations

You have claws for feet.
You are completely covered in icy blue scales. (AC +4, rC+)
Your flesh is cold resistant. (rC+)
A meltable icy envelope protects you from harm. (AC +10)
You regenerate a lot of health from kills.
You are robust. (+10% HP)
You are immune to freezing clouds.


Message History

You flicker for a moment.
The Hell Sentinel gestures at you. The iron shot hits you!
* * * LOW HITPOINT WARNING * * *
The torturous warmonger unwields a +4 dire flail of draining.
The torturous warmonger wields a +3 longbow of freezing.
It is covered in frost.
The torturous warmonger shoots an arrow.
The arrow hits you but does no damage.
The Brimstone Fiend calls on the powers of darkness!
Your body is wracked with pain!
* * * LOW HITPOINT WARNING * * *
Found a shiny scale mail, a ring of flight and a glowing shield.
Found two gates leading back out of this place.
You see here an arrow.
The ufetubus misses you.
The ufetubus hits you but does no damage.
The smoke demon gestures at you. Something smites you!
You die...

▓▓▓▓▓▓▓▓▓▓▓
▓▓.........▓▓
▓▓....3.1.s..▓▓
▓▓....(.2.6r1§§▓▓
▓}...@51.312{§§§▓▓
▓?!.......626.§§§§▓▓
▓∩}|=.........§.§...▓▓
[>))|..........§.§§8§▓
▓∩})..........1.§§81▓▓
▓▓)}..............§▓▓
▓▓.............§§▓▓
▓▓.............▓▓
..........▓▓


You could see a Hell Sentinel, 2 Tzitzimimeh, 2 Brimstone Fiends, 2 demonspawn,
a reaper, a gelid black sun, a blizzard demon, a smoke demon, a tormentor, a
ynoxinul, a jumping spider, a hell rat and an ufetubus.

Vanquished Creatures
  A Killer Klown (Zig:2)
  Margery (Vaults:4)
  Nikola (Swamp:2)
  Rupert (D:12)
  A lich (Zig:11)
  2 deep elf blademasters (Elf:3)
  3 deep elf master archers (Elf:3)
  5 acid blobs
  An Executioner (Zig:12)
  Gastronok (Lair:3)
  2 storm dragons (Vaults:4)
  Donald (Swamp:3)
  A tengu reaver (Vaults:4)
  A shadow dragon (Vaults:4)
  Roxanne (Swamp:1)
  3 azure jellies (Zig:9)
  2 daevas (Zig:5)
  11 deep elf sorcerers
  A frost giant (Vaults:4)
  5 balrugs
  2 draconian knights (Zig:8)
  5 vault wardens
  A fire giant (Vaults:4)
  An orc warlord (D:8)
  5 ghost moths
  A curse skull (Vaults:3)
  A draconian shifter (Zig:8)
  A draconian scorcher (Zig:4)
  4 deep elf elementalists (Elf:3)
  An emperor scorpion (shapeshifter) (Zig:2)
  Aizul (Vaults:3)
  6 emperor scorpions
  A reaper (Zig:11)
  3 draconian stormcallers (Zig:8)
  2 entropy weavers
  A draconian annihilator (Zig:4)
  4 stone giants (Vaults:4)
  5 ironheart preservers
  2 ophanim (Zig:5)
  A vampire knight (Vaults:3)
  4 very ugly things
  The ghost of blacksnow the Cleaver, a journeyman MiBe of Trog (Lair:3)
  2 starcursed masses
  11 deep elf demonologists
  A green draconian (Zig:8)
  An apis (Zig:5)
  2 black draconians
  A purple draconian (Zig:8)
  10 deep elf annihilators
  A white draconian (Zig:4)
  The ghost of lolicon the Severer, a journeyman MiGl of Gozag (Lair:5)
  5 spark wasps
  4 deep elf death magi (Elf:3)
  An eidolon (Vaults:3)
  2 mummy priests (Zig:7)
  Josephine (D:12)
  A jiangshi (Vaults:3)
  3 fire dragons
  4 ogre magi
  5 deep elf high priests
  Fannar (D:12)
  3 yaktaur captains
  24 hydras
  5 ice dragons
  A hydra (shapeshifter) (D:15)
  A rakshasa (Vaults:3)
  11 centaur warriors
  13 vault guards
  A peacekeeper (Vaults:2)
  4 shambling mangroves
  Harold (Orc:1)
  Erica (D:9)
  8 two-headed ogres
  2 death knights
  22 dancing weapons
  A tengu warrior (Depths:1)
  11 alligators
  4 orc high priests
  11 death yaks
  A deep troll earth mage (Vaults:3)
  Urug (D:12)
  24 deep elf knights
  3 hell knights (Vaults:4)
  A spriggan druid (Swamp:4)
  10 swamp dragons
  A shadow wraith (Vaults:4)
  6 skeletal warriors
  6 wizards
  A sixfirhy (Zig:12)
  5 flayed ghosts
  2 unseen horrors
  7 deep trolls
  14 deep elf archers
  An orange crystal statue (D:10)
  2 tengu zombies
  A phantasmal warrior (Vaults:2)
  6 necromancers
  14 orc knights
  8 harpies (Vaults:3)
  A sphinx zombie (Zig:11)
  2 lindwurms (Lair:6)
  14 ironbrand convokers
  3 wolf spider zombies
  2 shadow dragon skeletons
  5 cyclopes
  22 orb spiders
  29 ugly things
  32 wolf spiders
  6 moths of wrath
  2 fire giant zombies
  8 orc sorcerers
  A tengu skeleton (Vaults:3)
  2 shining eyes
  43 slime creatures
  59 deep elf magi
  A worldbinder (Abyss:2)
  A sphinx skeleton (Vaults:4)
  2 manticores (D:15)
  Joseph (D:10)
  An ice statue (Lair:2)
  7 elephants
  A black mamba (Lair:6)
  2 eyes of devastation (Zig:9)
  A smoke demon (Abyss:2)
  12 vault sentinels
  A fire giant skeleton (Zig:11)
  10 torpor snails
  15 spiny frogs
  20 yaktaurs
  8 demonic crawlers
  A gargoyle (D:13)
  A hellion (Zig:11)
  3 freezing wraiths
  A kobold demonologist (D:14)
  2 human zombies (Vaults:3)
  9 rime drakes
  4 komodo dragons
  2 efreet (D:14)
  A tormentor (Zig:11)
  A red devil (Zig:11)
  A guardian mummy (Zig:7)
  14 tyrant leeches
  A troll (shapeshifter) (Vaults:1)
  A wolf spider simulacrum (D:15)
  2 queen bees (shapeshifter)
  9 trolls
  2 polar bears
  2 hydra zombies (Swamp:2)
  A yaktaur skeleton (Vaults:4)
  31 hornets
  17 blink frogs
  34 jumping spiders
  2 saltlings
  A spectral dream sheep (Lair:3)
  13 bog bodies
  A raiju (Zig:1)
  2 hippogriffs
  An alligator zombie (Swamp:2)
  A centaur simulacrum (D:15)
  A spectral black mamba (Lair:3)
  8 spriggans
  49 redbacks
  37 tarantellas
  5 water elementals
  A flying skull (Zig:11)
  5 air elementals
  4 shadows
  A ynoxinul (Zig:12)
  5 vampires
  7 wraiths
  34 yaks
  An elf zombie (Vaults:4)
  A golden eye (Zig:9)
  3 steam dragons
  3 basilisks
  A spectral komodo dragon (Lair:3)
  6 wyverns
  8 fire elementals
  3 hungry ghosts
  27 vampire mosquitoes
  A death yak simulacrum (Lair:3)
  17 swamp worms
  A two-headed ogre zombie (D:11)
  11 insubstantial wisps
  18 wargs
  A spectral spiny frog (Lair:3)
  A deep troll zombie (Vaults:4)
  5 acid dragons
  A hydra simulacrum (Lair:3)
  7 water moccasins
  6 porcupines
  47 orc warriors
  2 black bears (D:13)
  8 ice beasts
  2 hornet zombies
  3 sky beasts
  9 swamp drakes
  8 boggarts
  An eye of draining (Zig:9)
  4 phantoms
  23 centaurs
  5 wolves
  21 ogres
  3 human skeletons (Vaults:4)
  11 crocodiles
  4 big kobolds
  A gnoll sergeant (D:7)
  12 bullfrogs
  A komodo dragon zombie (Swamp:2)
  3 earth elementals
  A wyvern zombie (D:8)
  A spiny frog simulacrum (Lair:1)
  4 scorpions
  An orc simulacrum (Vaults:1)
  A water moccasin skeleton (D:4)
  3 troll zombies (D:11)
  31 killer bees
  9 wights
  A howler monkey (D:5)
  4 electric eels
  A crimson imp (D:14)
  6 centaur zombies
  A quasit (D:12)
  7 hounds
  A bullfrog zombie (D:7)
  A water moccasin simulacrum (Lair:1)
  7 centaur skeletons
  25 orc priests
  5 jellies
  2 bullfrog skeletons
  8 iguanas
  19 orc wizards
  19 worker ants
  5 hell rats (Lair:5)
  2 yak simulacra (Lair:1)
  4 ogre zombies (D:11)
  A hound skeleton (D:9)
  5 mummies (Zig:7)
  4 howler monkey skeletons
  15 gnolls
  14 adders
  7 shadow imps
  5 white imps (Lair:2)
  2 oozes
  An adder skeleton (D:10)
  2 adder zombies (D:9)
  5 worms
  4 dart slugs
  2 leopard geckos
  124 orcs
  10 giant cockroaches
  2 goblins
  9 hobgoblins
  8 jackals
  24 kobolds
  8 quokkas
  A ball python (D:1)
  9 bats
  4 frilled lizards
  3 goblin skeletons (D:11)
  4 goblin zombies (D:11)
  2 hobgoblin skeletons (D:11)
  A hobgoblin zombie (D:11)
  A jackal zombie (D:9)
  A leopard gecko skeleton (D:4)
  An orc skeleton (D:11)
  14 orc zombies (D:11)
  A quokka skeleton (D:6)
  6 rats
  7 bushes (D:15)
  26 fungi
  12 plants
1829 creatures vanquished.

Vanquished Creatures (collateral kills)
  A death yak (Lair:3)
  A deep elf mage (Elf:3)
  4 ball lightnings
  A vampire mosquito (D:14)
  A porcupine (Lair:3)
  A centaur (D:15)
  A bullfrog (Lair:3)
  A wyvern zombie (D:11)
  A wight (D:15)
12 creatures vanquished.

Vanquished Creatures (others)
  A vault guard (D:14)
  1345 ball lightnings
  A queen bee (D:9)
  2 slime creatures (D:14)
  A water elemental (Elf:1)
  A soldier ant (D:14)
  A centaur (D:15)
  An orc (Orc:2)
  49 blocks of ice
  A bush (Lair:6)
  11 fungi
  28 plants
1442 creatures vanquished.

Grand Total: 3283 creatures vanquished

Notes
Turn   | Place    | Note
-------+----------+-------------------------------------------
     0 | D:1      | Chiseanne the Demonspawn Wizard began the quest for the
                  | Orb.
     0 | D:1      | Reached XP level 1. HP: 13/13 MP: 4/4
   513 | D:1      | Gained mutation: You are partially covered in icy blue
                  | scales. (AC +2) [demonic ancestry]
   513 | D:1      | Reached XP level 2. HP: 19/19 MP: 0/6
  1017 | D:1      | Reached skill level 2 in Conjurations
  1233 | D:1      | Gained mutation: You regenerate a little health from kills.
                  | [demonic ancestry]
  1233 | D:1      | Reached XP level 3. HP: 24/24 MP: 6/8
  1771 | D:2      | Found a hazy altar of Hepliaklqana.
  2249 | D:2      | Learned a level 3 spell: Mephitic Cloud
  2253 | D:2      | Learned a level 3 spell: Dazzling Spray
  2256 | D:2      | Learned a level 2 spell: Blink
  2388 | D:2      | Found a burning altar of Makhleb.
  2390 | D:2      | Found a glowing golden altar of the Shining One.
  2581 | D:2      | Gained mutation: You are mostly covered in icy blue scales.
                  | (AC +3) [demonic ancestry]
  2581 | D:2      | Reached XP level 4. HP: 29/30 MP: 5/9
  2583 | D:2      | Reached skill level 3 in Conjurations
  2832 | D:3      | Gained mutation: You regenerate health from kills. [demonic
                  | ancestry]
  2832 | D:3      | Reached XP level 5. HP: 21/35 MP: 1/11
  3797 | D:4      | Reached skill level 4 in Conjurations
  4141 | D:4      | Found an opulent altar of Gozag.
  4148 | D:4      | You fall into a shaft and drop 1 floor!
  4148 | D:5      | Entered Level 5 of the Dungeon
  4318 | D:5      | Reached XP level 6. HP: 32/41 MP: 13/13
  4392 | D:4      | Reached skill level 1 in Air Magic
  4395 | D:4      | Reached skill level 5 in Spellcasting
  4544 | D:4      | Learned a level 3 spell: Conjure Flame
  4830 | D:4      | Gained mutation: You have sharp toenails. [demonic
                  | ancestry]
  4830 | D:4      | Reached XP level 7. HP: 46/46 MP: 7/14
  4837 | D:4      | Reached skill level 5 in Conjurations
  5447 | D:5      | Found a staircase to the Ecumenical Temple.
  5456 | Temple   | Entered the Ecumenical Temple
  5530 | Temple   | Became a worshipper of Vehumet
  5661 | D:5      | Learned a level 4 spell: Iskenderun's Mystic Blast
  5781 | D:5      | Found a bloodstained altar of Trog.
  6114 | D:5      | Found a shimmering altar of Xom.
  6482 | D:6      | Gained mutation: Your flesh is cold resistant. (rC+)
                  | [demonic ancestry]
  6482 | D:6      | Reached XP level 8. HP: 52/52 MP: 17/17
  6618 | D:6      | Reached * piety under Vehumet
  6618 | D:6      | Offered knowledge of Freeze by Vehumet.
  6632 | D:6      | Found a sacrificial altar of Ru.
  6766 | D:6      | Reached skill level 6 in Conjurations
  7728 | D:7      | Reached skill level 5 in Air Magic
  7838 | D:7      | Reached skill level 7 in Conjurations
  7905 | D:7      | Learned a level 4 spell: Force Lance
  7980 | D:7      | Found Zeeb's Antique Weapon Emporium.
  7997 | D:7      | Reached XP level 9. HP: 51/57 MP: 8/19
  7998 | D:7      | Noticed a two-headed ogre
  8073 | D:7      | Killed a two-headed ogre
  8341 | D:7      | Reached skill level 8 in Conjurations
  8487 | D:7      | Found an iron altar of Okawaru.
  8603 | D:7      | Found a snail-covered altar of Cheibriados.
  8672 | D:7      | Reached skill level 1 in Translocations
  9604 | D:8      | Found a staircase to the Lair.
  9615 | D:8      | Found a burning altar of Makhleb.
  9624 | D:8      | Found Qoaki's Weapon Shop.
  9793 | D:8      | Offered knowledge of Shock by Vehumet.
  9797 | D:8      | Reached ** piety under Vehumet
 10091 | D:8      | Got a twisted robe
 10092 | D:8      | Identified the +3 robe of Mushrirph {+Inv Str+2} (You found
                  | it on level 8 of the Dungeon)
 10189 | D:8      | Reached XP level 10. HP: 63/63 MP: 6/22
 10282 | D:8      | Reached skill level 1 in Evocations
 10913 | D:8      | Noticed an orc knight
 11108 | D:8      | Killed an orc knight
 11400 | D:8      | Noticed an orc warlord
 11501 | D:8      | Offered knowledge of Inner Flame by Vehumet.
 13038 | D:8      | Reached *** piety under Vehumet
 13556 | D:9      | Reached skill level 5 in Evocations
 13784 | D:9      | Offered knowledge of Static Discharge by Vehumet.
 13794 | D:9      | Noticed Erica
 13918 | D:9      | Killed Erica
 14083 | D:9      | Reached skill level 10 in Spellcasting
 14208 | D:9      | Reached XP level 11. HP: 68/68 MP: 22/25
 14521 | D:9      | Got a slimy buckler
 14522 | D:9      | Identified the +0 buckler "Deiheclob" {rElec rC+ Int+2
                  | Dex-3} (You found it on level 9 of the Dungeon)
 14708 | D:10     | Entered Level 10 of the Dungeon
 14742 | D:10     | Reached skill level 1 in Shields
 15565 | D:10     | Noticed an orange crystal statue
 15631 | D:10     | Noticed Joseph
 15671 | D:10     | Killed Joseph
 15830 | D:10     | Reached **** piety under Vehumet
 15995 | D:10     | Noticed a two-headed ogre
 16011 | D:10     | Killed a two-headed ogre
 17047 | D:10     | Killed an orange crystal statue
 17504 | D:11     | Noticed a two-headed ogre
 17524 | D:11     | Killed a two-headed ogre
 17864 | D:11     | Offered knowledge of Lightning Bolt by Vehumet.
 17873 | D:11     | Learned a level 5 spell: Lightning Bolt
 18413 | D:11     | Found a staircase to the Orcish Mines.
 18603 | D:11     | Reached skill level 5 in Dodging
 18720 | D:11     | Noticed a green ugly thing
 18736 | D:11     | Killed a green ugly thing
 19619 | D:11     | Reached XP level 12. HP: 74/74 MP: 3/27
 19792 | D:11     | Found the +12 Vampire's Tooth {vamp}
 19918 | D:12     | Noticed Urug
 19925 | D:12     | Noticed Rupert
 19968 | Orc:1    | Entered Level 1 of the Orcish Mines
 19978 | Orc:1    | Noticed Harold
 20064 | Orc:1    | Killed Harold
 20243 | Orc:1    | Found Daelirr's Magic Scroll Shop.
 20250 | Orc:1    | Bought a scroll of acquirement for 780 gold pieces
 20254 | Orc:1    | Bought 2 scrolls of identify for 60 gold pieces
 20254 | Orc:1    | Bought a scroll of blinking for 112 gold pieces
 20254 | Orc:1    | Bought a scroll of remove curse for 45 gold pieces
 20254 | Orc:1    | Bought a scroll of identify for 30 gold pieces
 20254 | Orc:1    | Bought a scroll of amnesia for 52 gold pieces
 20254 | Orc:1    | Bought a scroll of remove curse for 45 gold pieces
 20254 | Orc:1    | Bought a scroll of identify for 30 gold pieces
 20254 | Orc:1    | Bought a scroll of remove curse for 45 gold pieces
 20254 | Orc:1    | Bought a scroll of enchant armour for 112 gold pieces
 20640 | Orc:1    | Reached ***** piety under Vehumet
 20640 | Orc:1    | Offered knowledge of Iron Shot by Vehumet.
 21228 | Orc:2    | Entered Level 2 of the Orcish Mines
 21228 | Orc:2    | Noticed an orc high priest
 21231 | Orc:2    | Killed an orc high priest
 21231 | Orc:2    | Reached skill level 1 in Fighting
 22136 | Orc:2    | Found a staircase to the Elven Halls.
 22975 | Orc:2    | Noticed an orc high priest
 22987 | Orc:2    | Killed an orc high priest
 23807 | Orc:2    | Noticed an orc high priest
 23807 | Orc:2    | Noticed an orc high priest
 24101 | Orc:1    | Killed an orc high priest
 24211 | Orc:2    | Killed an orc high priest
 24211 | Orc:2    | Reached XP level 13. HP: 90/90 MP: 15/29
 24351 | Orc:2    | Found Bimp's Antique Armour Shoppe.
 24351 | Orc:2    | Found Paikorhiaxt's Antique Weapon Shop.
 24353 | Orc:2    | Found Hyef's Food Shoppe.
 24353 | Orc:2    | Found Luel's Magic Scroll Shop.
 24359 | Orc:2    | Bought a steaming robe for 131 gold pieces
 24359 | Orc:2    | Bought an ancient helmet for 218 gold pieces
 24359 | Orc:2    | Bought a pair of glowing gloves for 172 gold pieces
 24360 | Orc:2    | Identified the +2 robe of the Game Afoot {rC+} (You bought
                  | it in a shop on level 2 of the Orcish Mines)
 24361 | Orc:2    | Identified the cursed +0 helmet "Micau" {rPois} (You bought
                  | it in a shop on level 2 of the Orcish Mines)
 24376 | Orc:2    | Bought a scroll of brand weapon for 320 gold pieces
 24376 | Orc:2    | Bought a scroll of remove curse for 48 gold pieces
 24376 | Orc:2    | Bought a scroll of enchant armour for 120 gold pieces
 24376 | Orc:2    | Bought a scroll of random uselessness for 16 gold pieces
 24376 | Orc:2    | Bought a scroll of brand weapon for 320 gold pieces
 24376 | Orc:2    | Bought 3 scrolls of remove curse for 144 gold pieces
 24376 | Orc:2    | Bought a scroll of remove curse for 48 gold pieces
 24376 | Orc:2    | Bought a scroll of identify for 32 gold pieces
 24376 | Orc:2    | Bought a scroll of teleportation for 48 gold pieces
 24376 | Orc:2    | Bought a scroll of vulnerability for 120 gold pieces
 24811 | Lair:1   | Entered Level 1 of the Lair of Beasts
 24844 | Lair:1   | Found a runed translucent gate.
 24849 | Lair:1   | Found a runed translucent gate.
 24849 | Lair:1   | Found a runed translucent gate.
 24921 | Lair:1   | Noticed flestrin's ghost (novice TrMo)
 24936 | Lair:1   | Found the ring of the Octopus King
 25047 | Lair:1   | Learned a level 4 spell: Sticky Flame
 25280 | Lair:1   | Reached skill level 5 in Fighting
 25476 | Lair:1   | Found a dark tunnel.
 26000 | Lair:1   | Got the ring of Ybeoklu {Fire}
 26003 | Lair:1   | Got a ring of the Octopus King
 26097 | Lair:2   | Identified the ring of Ybeoklu {Fire +Inv rPois Str+2
                  | Int+2} (You found it on level 1 of the Lair of Beasts)
 26101 | Lair:2   | Identified a ring of the Octopus King {AC+1 EV+1 Str+1
                  | Int+1 Dex+1 SInv} (You found it on level 1 of the Lair of
                  | Beasts)
 26378 | Lair:2   | Found a hole to the Spider Nest.
 26464 | Lair:2   | Learned a level 5 spell: Fireball
 27613 | Lair:3   | Found a runed translucent gate.
 27613 | Lair:3   | Found a runed translucent gate.
 27613 | Lair:3   | Found a runed translucent gate.
 27622 | Lair:3   | Noticed blacksnow's ghost (journeyman MiBe)
 27987 | Lair:3   | Noticed Gastronok
 28006 | Lair:3   | Killed Gastronok
 28805 | Lair:4   | Offered knowledge of Bolt of Draining by Vehumet.
 29273 | Lair:4   | Found a staircase to the Swamp.
 29995 | Lair:5   | Found a runed translucent door.
 29995 | Lair:5   | Identified the +9 spear of Integrity {drain, rElec MR-
                  | Int+4 Stlth+}
 29998 | Lair:5   | Noticed lolicon's ghost (journeyman MiGl)
 31292 | Lair:6   | Entered Level 6 of the Lair of Beasts
 31379 | Lair:6   | Reached XP level 14. HP: 105/105 MP: 11/31
 31871 | Lair:6   | Found a runed translucent door.
 32169 | Lair:6   | Reached skill level 10 in Dodging
 32830 | Lair:6   | Identified the cursed +1 spear "Ahott" {venom, rC+ Dex+3}
 32830 | Lair:6   | Noticed Fawn's ghost (journeyman GrFE)
 32835 | Lair:6   | Found a transporter.
 32839 | Lair:6   | Found a bloodstained altar of Trog.
 32970 | Lair:6   | Found a transporter.
 33085 | Lair:6   | Offered knowledge of Conjure Ball Lightning by Vehumet.
 33120 | Lair:6   | Learned a level 6 spell: Conjure Ball Lightning
 33715 | Lair:6   | Found a staircase to the Slime Pits.
 34026 | Lair:6   | Reached skill level 10 in Fighting
 34170 | Lair:5   | Killed lolicon's ghost
 34339 | Lair:3   | Killed blacksnow's ghost
 34633 | D:12     | Reached skill level 1 in Polearms
 34923 | D:12     | Killed Urug
 34923 | D:12     | Gained mutation: You are immune to freezing clouds.
                  | [demonic ancestry]
 34923 | D:12     | Reached XP level 15. HP: 110/115 MP: 26/33
 34960 | D:12     | Killed Rupert
 34960 | D:12     | Reached skill level 5 in Polearms
 35200 | D:12     | Noticed Josephine
 35214 | D:12     | Killed Josephine
 35401 | D:12     | Noticed Fannar
 35415 | D:12     | Killed Fannar
 35464 | D:12     | Reached ****** piety under Vehumet
 35799 | D:13     | Offered knowledge of Ozocubu's Refrigeration by Vehumet.
 36030 | D:13     | Identified the +2 dagger "Tem Kastin" {flame, rF+} (You
                  | found it on level 13 of the Dungeon)
 36665 | D:14     | Reached skill level 10 in Polearms
 37073 | D:14     | Found a gate to the Vaults.
 37661 | D:15     | Entered Level 15 of the Dungeon
 37724 | D:15     | Offered knowledge of Freezing Cloud by Vehumet.
 38143 | D:15     | Paralysed by an orc sorcerer for 2 turns
 38328 | D:15     | Reached skill level 15 in Spellcasting
 38526 | D:15     | Reached XP level 16. HP: 120/122 MP: 26/35
 38971 | D:15     | Found a staircase to the Depths.
 39214 | D:15     | highc0: !!subscribe
 39214 | D:15     | highc0: !subscribe
 39214 | D:15     | beem: Subscribed. I will now watch all games of user highc0
 39272 | D:15     | Learned a level 6 spell: Freezing Cloud
 39357 | D:15     | WTF happened to the waypoints ?
 39398 | D:15     | Upgraded the game from 0.24-a0-809-g71cb82dfb8 to 0.24-b1
 39674 | Swamp:1  | Entered Level 1 of the Swamp
 39792 | Lair:4   | Reached skill level 1 in Ice Magic
 40623 | Swamp:1  | Noticed Roxanne
 40631 | Swamp:1  | Found a large runed translucent door.
 40661 | Swamp:1  | Found a large runed translucent door.
 40661 | Swamp:1  | Noticed mitkoXXVII's ghost (journeyman GrFi)
 40780 | Swamp:1  | Killed Roxanne
 41212 | Swamp:2  | Offered knowledge of Poison Arrow by Vehumet.
 41420 | Swamp:2  | Noticed Nikola
 41433 | Swamp:2  | Killed Nikola
 42177 | Swamp:2  | Found a bloodstained altar of Trog.
 42904 | Swamp:3  | Noticed Donald
 42912 | Swamp:3  | Killed Donald
 43055 | Swamp:3  | Offered knowledge of Bolt of Fire by Vehumet.
 43608 | Swamp:4  | Entered Level 4 of the Swamp
 44142 | Swamp:4  | Gained mutation: A meltable icy envelope protects you from
                  | harm. (AC +10) [demonic ancestry]
 44142 | Swamp:4  | Reached XP level 17. HP: 89/128 MP: 29/37
 44334 | Swamp:4  | Offered knowledge of Lehudib's Crystal Spear by Vehumet.
 44334 | Swamp:4  | Offered knowledge of Glaciate by Vehumet.
 44334 | Swamp:4  | Offered knowledge of Chain Lightning by Vehumet.
 44404 | Swamp:4  | Got a decaying rune of Zot
 44860 | D:15     | Learned a level 9 spell: Glaciate
 45065 | Spider:1 | Entered Level 1 of the Spider Nest
 45166 | Spider:1 | Reached skill level 9 in Conjurations
 45507 | Spider:1 | Got a crude trident
 45508 | Spider:1 | Identified the cursed +0 trident of Nomou {chaos, Str+4
                  | Int+5} (You found it on level 1 of the Spider Nest)
 45681 | Spider:2 | Reached skill level 5 in Ice Magic
 46118 | Spider:3 | Reached skill level 10 in Conjurations
 46472 | Spider:4 | Entered Level 4 of the Spider Nest
 46716 | Spider:3 | Reached skill level 11 in Conjurations
 46973 | Spider:4 | Reached XP level 18. HP: 129/135 MP: 31/39
 47441 | Spider:4 | Reached skill level 12 in Conjurations
 47614 | Spider:4 | Got a gossamer rune of Zot
 47886 | Elf:1    | Entered Level 1 of the Elven Halls
 48391 | Elf:1    | Identified the +5 battleaxe "Yzxuric" {drain, Dex+6 SInv}
 48405 | Elf:1    | Reached skill level 10 in Ice Magic
 48772 | Elf:1    | Identified the Incunabulum of Warped Shape Shifting
 48780 | Elf:1    | Identified the +4 ring mail of Ferischa {+Fly Str+4} (You
                  | found it on level 1 of the Elven Halls)
 48948 | Elf:1    | Identified the cursed +0 leather armour "Gevor" {Dex+5}
 49242 | Elf:2    | Found Foppa's Assorted Antiques.
 49243 | Elf:2    | Found Tavvazof's Assorted Antiques.
 49243 | Elf:2    | Found Sewotiyr's Book Shop.
 49511 | Elf:2    | Found Dajo Juy's Distillery.
 49515 | Elf:2    | Bought a scroll of identify for 84 gold pieces
 49515 | Elf:2    | Bought 3 scrolls of fear for 441 gold pieces
 49515 | Elf:2    | Bought a scroll of blinking for 315 gold pieces
 49515 | Elf:2    | Bought a potion of curing for 126 gold pieces
 49524 | Elf:2    | Bought a potion of haste for 240 gold pieces
 49524 | Elf:2    | Bought a scroll of immolation for 84 gold pieces
 49524 | Elf:2    | Bought a scroll of fog for 48 gold pieces
 49529 | Elf:2    | Bought a potion of brilliance for 72 gold pieces
 49529 | Elf:2    | Bought a potion of curing for 54 gold pieces
 49529 | Elf:2    | Bought a potion of haste for 180 gold pieces
 49529 | Elf:2    | Bought a potion of heal wounds for 90 gold pieces
 49529 | Elf:2    | Bought a potion of brilliance for 72 gold pieces
 49529 | Elf:2    | Bought 2 potions of cancellation for 288 gold pieces
 49533 | Elf:2    | Bought a potion of flight for 54 gold pieces
 49650 | Elf:2    | Found a huge runed translucent gate.
 49650 | Elf:2    | Found a huge runed translucent gate.
 49650 | Elf:2    | Found a huge runed translucent gate.
 49650 | Elf:2    | Found a huge runed translucent gate.
 49651 | Elf:2    | Found a huge runed translucent gate.
 50284 | Elf:3    | Entered Level 3 of the Elven Halls
 50284 | Elf:3    | Found a shimmering blue altar of Sif Muna.
 50363 | Elf:3    | Gained mutation: You have razor-sharp toenails. [demonic
                  | ancestry]
 50363 | Elf:3    | Reached XP level 19. HP: 130/140 MP: 34/40
 50950 | Elf:3    | Cast into level 2 of the Abyss (a deep elf demonologist)
 51250 | Abyss:2  | Noticed a hellephant
 51307 | Elf:3    | Escaped the Abyss
 51308 | Elf:3    | Noticed a Tzitzimitl
 51626 | Elf:3    | Reached skill level 13 in Conjurations
 51741 | Elf:3    | Identified the ring of the Circus Animal {MP+9 Str+2}
 52092 | Elf:3    | Identified the cursed +0 scale mail of the Ecumenical
                  | Temple {*Corrode Regen+ Dex+9}
 52345 | Elf:3    | Identified the cursed +1 scimitar of Plague {flame, rElec
                  | Int+4}
 52386 | Elf:3    | Identified the +4 mace of Experimentation {chaos, rElec rF+
                  | rN+ Int+3}
 52675 | Elf:3    | Reached skill level 14 in Conjurations
 52682 | Elf:3    | Cast into level 3 of the Abyss (a deep elf demonologist)
 52682 | Abyss:3  | Found a corrupted altar of Lugonu.
 52719 | Elf:3    | Escaped the Abyss
 53229 | Elf:3    | Identified the ring of Zoivamn {rF+ SInv}
 53599 | Elf:3    | Identified the +7 ring mail of a Thousand Ships {+Blink
                  | Int+7 Stlth+} (You found it on level 3 of the Elven Halls)
 53622 | Elf:3    | Identified the Reference Book on Sinister Magic
 53655 | Elf:3    | Identified the +5 hunting sling "Qesoolakh" {freeze, MR+
                  | Str+9 Dex-2} (You found it on level 3 of the Elven Halls)
 53657 | Elf:3    | Identified the Catalogue of Execration and Snow
 54325 | Depths:1 | Entered Level 1 of the Depths
 54453 | Vaults:1 | Entered Level 1 of the Vaults
 54742 | Vaults:1 | Gained mutation: You are completely covered in icy blue
                  | scales. (AC +4, rC+) [demonic ancestry]
 54742 | Vaults:1 | Reached XP level 20. HP: 123/147 MP: 27/41
 55011 | Vaults:1 | Reached skill level 15 in Conjurations
 56398 | Vaults:2 | Reached skill level 15 in Ice Magic
 56553 | Vaults:2 | Found a ruined gateway.
 56572 | Desolati | Entered the Desolation of Salt
 57243 | Vaults:2 | Reached skill level 16 in Conjurations
 57704 | Vaults:3 | Found Fapp's Antique Armour Boutique.
 57709 | Vaults:3 | Bought a pair of runed boots for 337 gold pieces
 57719 | Vaults:3 | Identified a +2 pair of boots of running (You bought it in
                  | a shop on level 3 of the Vaults)
 57812 | Vaults:3 | Found a staircase to the Crypt.
 58409 | Vaults:3 | Noticed Aizul
 58415 | Vaults:3 | Killed Aizul
 58786 | Vaults:3 | Gained mutation: You have claws for feet. [demonic
                  | ancestry]
 58786 | Vaults:3 | Reached XP level 21. HP: 134/153 MP: 32/42
 59126 | Vaults:4 | Reached skill level 17 in Conjurations
 59408 | Vaults:4 | Noticed Margery
 59417 | Vaults:4 | Killed Margery
 60258 | Vaults:4 | Identified the +8 war axe "Qoted" {chop, rF- Str+3 Int+6
                  | Dex+4} (You found it on level 4 of the Vaults)
 61093 | Depths:1 | Found a gateway to a ziggurat.
 61282 | Zig:1    | Entered Level 1 of a ziggurat
 61341 | Zig:2    | Entered Level 2 of a ziggurat
 61344 | Zig:2    | Noticed a Killer Klown
 61349 | Zig:2    | Killed a Killer Klown
 61367 | Zig:3    | Entered Level 3 of a ziggurat
 61412 | Zig:4    | Entered Level 4 of a ziggurat
 61426 | Zig:4    | Identified the Papyrus of Evil Ice
 61434 | Zig:4    | Gained mutation: You are robust. (+10% HP) [demonic
                  | ancestry]
 61434 | Zig:4    | Reached XP level 22. HP: 153/176 MP: 43/43
 61472 | Zig:4    | Learned a level 8 spell: Ignition
 61474 | Zig:5    | Entered Level 5 of a ziggurat
 61478 | Zig:5    | Found the +8 frozen axe "Frostbite" {freezing cloud, *Noise
                  | +Fly rC+}
 61511 | Zig:6    | Entered Level 6 of a ziggurat
 61546 | Zig:6    | Identified the +7 hunting sling of the End of Times {flame,
                  | Str+8 Stlth+} (You found it on level 6 of a ziggurat)
 61549 | Zig:7    | Entered Level 7 of a ziggurat
 61554 | Zig:7    | Noticed a greater mummy
 61599 | Zig:8    | Entered Level 8 of a ziggurat
 61630 | Zig:8    | Gained mutation: You regenerate a lot of health from kills.
                  | [demonic ancestry]
 61630 | Zig:8    | Reached XP level 23. HP: 110/181 MP: 6/44
 61637 | Zig:8    | Reached skill level 18 in Conjurations
 61792 | Zig:8    | Identified the +6 fustibalus of the Tomato {venom, Str+4}
                  | (You found it on level 8 of a ziggurat)
 61802 | Zig:8    | Got a fine bone ring
 61803 | Zig:8    | Identified the ring of Xom's Entertainment {+Fly rPois rC+
                  | SInv} (You found it on level 8 of a ziggurat)
 61807 | Zig:9    | Entered Level 9 of a ziggurat
 61816 | Zig:9    | Reached skill level 5 in Fire Magic
 61888 | Zig:9    | Identified the Tome of the Poisonous Volcanoes
 61893 | Zig:9    | Identified the +7 rapier of Pietytotan {vamp, rF+} (You
                  | found it on level 9 of a ziggurat)
 61926 | Zig:10   | Entered Level 10 of a ziggurat
 61955 | Zig:10   | Identified Sif Muna's Collected Works on Freezing
                  | Weightlessness
 61980 | Zig:11   | Entered Level 11 of a ziggurat
 61990 | Zig:11   | Reached XP level 24. HP: 179/189 MP: 43/44
 62116 | Zig:11   | Identified the Disquisition on Flames
 62140 | Zig:12   | Entered Level 12 of a ziggurat
 62149 | Zig:12   | Noticed Jiumo the pandemonium lord
 62173 | Zig:12   | Killed from afar by a smoke demon

Skill      XL: |  1  2  3  4  5  6  7  8  9 10 11 12 13 14 15 16 17 18 19 20 21 22 23 24 |
---------------+-------------------------------------------------------------------------+-----
Conjurations   | 2 3 4 5 7 8 11 12 14 16 17 18 | 18.4
Spellcasting   | 4 5 6 7 8 10 11 12 13 14 15 16 17 | 17.8
Air Magic      | 2 3 5 6 7 |  7.4
Translocations | 3 |  3.0
Dodging        | 4 5 7 9 11 12 | 12.8
Evocations     | 5 7 8 |  8.8
Shields        | 4 6 |  6.5
Fighting       | 4 8 10 | 10.2
Polearms       | 4 11 | 11.8
Ice Magic      | 3 7 12 14 16 17 | 17.6
Fire Magic     | 4 5 6 |  6.4
Stealth        | |  1.7
Summonings     | |  1.0

Action                   |  1- 3 |  4- 6 |  7- 9 | 10-12 | 13-15 | 16-18 | 19-21 | 22-24 || total
-------------------------+-------+-------+-------+-------+-------+-------+-------+-------++-------
Melee: Short sword       |    33 |    57 |   158 |   272 |   144 |       |       |       ||   664
       Spear             |       |       |    12 |       |   297 |   346 |    62 |       ||   717
       War axe           |       |       |       |       |       |   117 |       |       ||   117
       Scimitar          |       |       |       |       |       |    81 |       |       ||    81
       Staff             |       |       |       |       |       |       |     4 |       ||     4
Throw: Throwing net      |       |       |       |     2 |       |       |       |       ||     2
       Dart              |       |       |       |     8 |     3 |    20 |     3 |       ||    34
 Cast: Magic Dart        |   114 |   134 |   253 |   558 |   106 |     1 |       |     1 ||  1167
       Mephitic Cloud    |     1 |     2 |    15 |    75 |    53 |    33 |    46 |       ||   225
       Conjure Flame     |       |       |    14 |    45 |    18 |       |     1 |       ||    78
       Blink             |       |       |     5 |    18 |    11 |     7 |     8 |       ||    49
       Iskenderun's Myst |       |       |    11 |   194 |   222 |    15 |       |       ||   442
       Dazzling Spray    |       |       |     2 |     1 |     3 |       |       |       ||     6
       Force Lance       |       |       |     1 |     3 |    12 |    63 |    64 |     2 ||   145
       Lightning Bolt    |       |       |       |    35 |    88 |    28 |    33 |       ||   184
       Fireball          |       |       |       |       |   157 |   136 |    59 |       ||   352
       Conjure Ball Ligh |       |       |       |       |    54 |   254 |   348 |       ||   656
       Freezing Cloud    |       |       |       |       |       |     7 |     1 |       ||     8
       Sticky Flame      |       |       |       |       |       |     1 |       |       ||     1
       Glaciate          |       |       |       |       |       |       |    17 |    38 ||    55
 Abil: Evoke Invisibilit |       |       |       |     2 |     1 |     1 |       |       ||     4
Evoke: Wand              |       |       |     9 |    39 |    34 |    15 |     1 |       ||    98
       Phial of floods   |       |       |       |     1 |       |     1 |     1 |       ||     3
       Sack of spiders   |       |       |       |       |     2 |       |       |       ||     2
       Lightning rod     |       |       |       |       |       |       |       |     4 ||     4
       Lamp of fire      |       |       |       |       |       |       |       |     1 ||     1
       Fan of gales      |       |       |       |       |       |       |       |     1 ||     1
  Use: Scroll            |       |     7 |     7 |    14 |    21 |    17 |     8 |    14 ||    88
       Potion            |       |       |     1 |    10 |     2 |     9 |     4 |    16 ||    42
 Stab: Sleeping          |       |     1 |     2 |     1 |     4 |     4 |       |       ||    12
       Confused          |       |     1 |     1 |     8 |    13 |    15 |     4 |       ||    42
       Invisible         |       |       |       |     2 |     1 |     3 |       |       ||     6
       Distracted        |       |       |       |       |     1 |     1 |       |       ||     2
  Eat: Chunk             |     5 |     7 |    17 |    40 |    33 |     6 |    22 |     5 ||   135
       Ration            |       |       |       |     3 |     7 |     9 |     6 |     2 ||    27
Armor: Robe              |    13 |    31 |    74 |    84 |       |       |       |       ||   202
       Troll leather arm |       |       |       |    24 |   213 |   327 |    88 |    18 ||   670
Dodge: Dodged            |    29 |    66 |   110 |   221 |   358 |   491 |   140 |    33 ||  1448
Block: Other             |       |       |       |     3 |       |       |       |       ||     3
       Buckler           |       |       |       |    71 |   114 |   124 |    23 |     4 ||   336
       Reflection        |       |       |       |     8 |       |       |       |       ||     8
       Rpst.: Scimitar   |       |       |       |       |       |    16 |       |       ||    16
